 Dungeon Crawl Stone Soup version 0.23-a0-642-g3120c2f (webtiles) character file.

506 MisterFreud the Carver (level 7, 0/46 HPs)
             Began as an Octopode Monk on Dec 30, 2018.
             Was a Believer of Cheibriados.
             Slain by a gnoll
             ... wielding a +0 spear of freezing
              (2 damage)
             ... on level 5 of the Dungeon.
             The game lasted 00:07:07 (4695 turns).

MisterFreud the Carver (Octopode Monk)              Turns: 4695, Time: 00:07:08

Health: 0/46       AC:  1    Str: 14    XL:     7   Next: 18%
Magic:  7/7        EV: 15    Int: 18    God:    Cheibriados [**....]
Gold:   222        SH:  0    Dex: 19    Spells: 6/6 levels left

rFire    + . .     SeeInvis .   a - +0 falchion
rCold    . . .     Gourm    .   (no shield)
rNeg     . . .     Faith    .   (helmet restricted)
rPois    .         Spirit   .   (no amulet)
rElec    .         Reflect  .   c - ring of fire
rCorr    .         Harm     .   o - ring of protection from cold
MR       .....                  (no ring)
Stlth    +++.......             (no ring)
HPRegen  0.15/turn              (no ring)
MPRegen  0.10/turn              (no ring)
                                (no ring)
                                (no ring)

@: very slow
A: almost no armour, stealthy swim, amphibious, 8 rings, constrict 8, camouflage
1, gelatinous body 1
a: Bend Time, Renounce Religion


You were on level 5 of the Dungeon.
You worshipped Cheibriados.
Cheibriados was pleased with you.
You were hungry.

You visited 2 branches of the dungeon, and saw 6 of its levels.

You collected 222 gold pieces.

Inventory:

Hand Weapons
 a - a +0 falchion (weapon)
Missiles
 d - 60 stones (quivered)
 m - 33 sling bullets
 q - 15 bolts
 s - a throwing net
 v - 22 arrows
Jewellery
 c - a ring of fire (left tentacle)
 o - a ring of protection from cold (right tentacle)
Wands
 w - a wand of digging (5)
Scrolls
 g - 2 scrolls of teleportation {unknown}
 h - 2 scrolls of fear {unknown}
 i - 4 scrolls of identify
 j - 3 scrolls of amnesia {unknown}
 k - a scroll of blinking {unknown}
 l - a scroll of enchant weapon {unknown}
 r - a scroll of immolation {unknown}
 t - a scroll of fog {unknown}
Potions
 e - a potion of haste
 f - a potion of might
 n - 2 potions of degeneration
 p - a potion of agility
Comestibles
 b - 5 rations


   Skills:
 - Level 3.0 Fighting
 - Level 8.0 Long Blades
 + Level 3.0 Dodging
 - Level 2.6 Stealth


You had 6 spell levels left.
You didn't know any spells.
Your spell library was empty.

Dungeon Overview and Level Annotations

Branches:
Dungeon (5/15)             Temple (1/1) D:4

Altars:
Ashenzari
Cheibriados
Elyvilon
Gozag
Hepliaklqana
Makhleb
Ru
Vehumet
Yredelemnul
Zin
The Shining One

Shops:
D:4 :


Innate Abilities, Weirdness & Mutations

You cannot wear most types of armour.
You are very stealthy in the water. (Stealth+)
You are amphibious.
You can wear up to eight rings at the same time.
You can use your tentacles to constrict eight enemies at once.
Your skin changes colour to match your surroundings (Stealth+).
Your rubbery body absorbs attacks. (AC +1, EV +1)


Message History

The centaur hits you. The giant cockroach misses you.
You hit the centaur but do no damage.
The centaur is lightly wounded.
The centaur hits you. The giant cockroach barely misses you.
You riposte.
You hit the giant cockroach but do no damage.
You grab the giant cockroach. You squeeze the giant cockroach.
The giant cockroach is severely wounded.
You hit the centaur.
The centaur is heavily wounded.
You constrict the giant cockroach. The centaur closely misses you.
You riposte.
You hit the centaur.
The centaur is heavily wounded.
The giant cockroach bites you. The centaur hits you!
* * * LOW HITPOINT WARNING * * *
You release your grip on the giant cockroach.
The centaur wields a +0 shortbow.
The centaur shoots an arrow.
The arrow hits you.
* * * LOW HITPOINT WARNING * * *
The gnoll hits you from afar with a +0 spear of freezing.
You die...

#..# #..
#.<# #..[
#..# #..#
#..## # #%.#
#...# .##
..# #...###
...# .#
#...g.#.....
##...Z......
##@.c......
###s......
#......
...... .....
...#. .## .#


You could see a centaur, a gnoll, a giant cockroach and a hound skeleton.

Vanquished Creatures
  An ogre (D:3)
  2 hounds (D:4)
  An orc priest (D:3)
  2 orc wizards (D:3)
  4 worker ants
  5 gnolls (D:4)
  6 adders
  An ooze (D:2)
  A worm (D:2)
  A dart slug (D:4)
  2 leopard geckos
  5 orcs
  4 giant cockroaches
  6 goblins
  5 hobgoblins
  5 kobolds (D:2)
  3 quokkas
  A ball python zombie (D:3)
  12 bats
  7 frilled lizards
  A quokka skeleton (D:3)
  8 rats
83 creatures vanquished.

Notes
Turn   | Place    | Note
-------+----------+-------------------------------------------
     0 | D:1      | MisterFreud the Octopode Monk began the quest for the Orb.
     0 | D:1      | Reached XP level 1. HP: 16/16 MP: 1/1
   324 | D:1      | Reached XP level 2. HP: 21/21 MP: 2/2
   511 | D:2      | Found a radiant altar of Vehumet.
   560 | D:2      | Reached skill level 4 in Long Blades
   854 | D:2      | Reached XP level 3. HP: 26/26 MP: 3/3
   918 | D:2      | HP: 1/26 [worker ant (4)]
   921 | D:2      | Reached XP level 4. HP: 13/31 MP: 4/4
  1258 | D:2      | Reached skill level 5 in Long Blades
  2215 | D:3      | Reached XP level 5. HP: 29/36 MP: 5/5
  2260 | D:3      | Noticed an ogre
  2276 | D:3      | Killed an ogre
  2276 | D:3      | Reached skill level 6 in Long Blades
  2443 | D:3      | Reached XP level 6. HP: 40/42 MP: 6/6
  2823 | D:3      | Found a glowing golden altar of the Shining One.
  2823 | D:3      | Found a burning altar of Makhleb.
  2824 | D:3      | Found an opulent altar of Gozag.
  2881 | D:3      | HP: 1/42 [something (5)]
  2883 | D:3      | Reached skill level 7 in Long Blades
  4080 | D:4      | Found a staircase to the Ecumenical Temple.
  4085 | D:4      | Reached XP level 7. HP: 46/46 MP: 7/7
  4095 | Temple   | Entered the Ecumenical Temple
  4119 | Temple   | Became a worshipper of Cheibriados the Contemplative
  4119 | Temple   | Reached * piety under Cheibriados
  4119 | Temple   | Reached ** piety under Cheibriados
  4162 | D:4      | Found a snail-covered altar of Cheibriados.
  4299 | D:4      | Found Fosm's Book Boutique.
  4323 | D:5      | Entered Level 5 of the Dungeon
  4646 | D:4      | Reached skill level 8 in Long Blades
  4695 | D:5      | HP: 2/46 [centaur/arrow (4)]
  4695 | D:5      | Slain by a gnoll

Vault maps used:
D:1:      dpeg_arrival_three_same_balls, chequers_serial_rivers_small_b
D:2:      nicolae_overflow_crystal_walls
D:3:      gammafunk_temple_overflow_claw
D:4:      minmay_temple_entry_gardened_gates, first_ration, serial_shops, shop,
          kennysheep_slug_shrine
Temple:   eino_temple_scatter_basement

Skill      XL: |  1  2  3  4  5  6  7 |
---------------+----------------------+-----
Long Blades    | 4 5 6 7 8 |  8.0
Fighting       | |  3.0
Dodging        | |  3.0
Stealth        | |  2.6

Action                   |  1- 3 |  4- 6 |  7- 9 || total
-------------------------+-------+-------+-------++-------
Melee: Falchion          |    40 |   119 |    17 ||   176
       Constrict         |    10 |    36 |     5 ||    51
       Tentacles         |     8 |    31 |     7 ||    46
  Use: Potion            |     2 |     1 |       ||     3
       Scroll            |       |     3 |       ||     3
 Stab: Sleeping          |    15 |    12 |     2 ||    29
       Distracted        |       |     3 |       ||     3
  Eat: Chunk             |       |    10 |       ||    10
Armor: Skin              |       |     8 |     1 ||     9
Dodge: Dodged            |    15 |    62 |    20 ||    97
       Rpst.: Falchion   |     7 |    23 |     6 ||    36

Table legend:
 A = Non-vault XP
 B = Vault XP
 C = Vault XP percentage of total XP
 D = Non-vault monster count
 E = Vault monster count
 F = Vault count percentage of total count
                 A         B        C        D         E       F
            +---------+---------+-------+---------+---------+-------
      Total |     720 |       4 |   0.6 |      82 |       1 |   1.2
            +---------+---------+-------+---------+---------+-------
        D:1 |      17 |       0 |   0.0 |       9 |       0 |   0.0
        D:2 |     128 |       0 |   0.0 |      34 |       0 |   0.0
        D:3 |     317 |       0 |   0.0 |      27 |       0 |   0.0
        D:4 |     226 |       4 |   1.7 |      11 |       1 |   8.3
        D:5 |      32 |       0 |   0.0 |       1 |       0 |   0.0
            +---------+---------+-------+---------+---------+-------
